 Dungeon Crawl Stone Soup version 0.31.0-11-ge490571c62 (webtiles) character file.

Game seed: 10499013650386662628

4 RancidPinata the Sneak (level 1, -2/16 HPs)
             Began as an Octopode Delver on Jan 30, 2024.
             Slain by a mummy (18 damage)
             ... in an ossuary.
             The game lasted 00:03:18 (280 turns).

RancidPinata the Sneak (Octopode Delver)             Turns: 280, Time: 00:03:18

Health: -2/16      AC:  1    Str: 11    XL:     1   Next: 60%
Magic:  1/1        EV: 13    Int: 12    God:
Gold:   7          SH:  0    Dex: 13    Spells: 0/0 levels left

rFire   . . .        a - +0 short sword
rCold   . . .        (no shield)
rNeg    . . .        (helmet restricted)
rPois   .            (no amulet)
rElec   .            (no ring)
rCorr   .            (no ring)
SInv    .            (no ring)
Will    .....        (no ring)
Stlth   ++++         (no ring)
HPRegen 0.22/turn    (no ring)
MPRegen 0.07/turn    (no ring)
                     (no ring)

%: no passive effects
@: no status effects
A: almost no armour, amphibious, 8 rings, camouflage 1, gelatinous body 1,
(nimble swimmer 1), tentacles
a: no special abilities


You were in an ossuary.
You visited 1 branch of the dungeon, and saw 2 of its levels.
You also visited: Ossuary.

You collected 7 gold pieces.

Inventory:

Hand Weapons
 a - a +0 short sword (weapon)
Wands
 f - a wand of digging (3)
 h - a wand of roots (4)
Scrolls
 b - a scroll of fog
 c - 2 scrolls of enchant armour {unknown}
 d - 2 scrolls of fear
 g - a scroll of poison {unknown}
Potions
 e - a potion of haste
 i - a potion of lignification {unknown}


   Skills:
 + Level 3.0 Fighting
 + Level 2.1 Short Blades
 + Level 2.1 Dodging
 + Level 6.6 Stealth


You couldn't memorise any spells.
You didn't know any spells.
Your spell library contained the following spells:

 Spells                   Type           Power      Damage    Failure   Level
 Sandblast                Erth           0%         2d4       32%         1
 Passwall                 Erth           0%         N/A       69%         3
 Stone Arrow              Conj/Erth      0%         3d7       69%         3
 Brom's Barrelling Bould  Conj/Erth      0%         2d3       97%         4


Dungeon Overview and Level Annotations

Branches:
Dungeon (6/15)            Ossuary (1/1)
 Temple: D:4-7

Altars:

Shops:
D:6 :


Innate Abilities, Weirdness & Mutations

You cannot wear most types of armour.
You are amphibious.
You can wear up to eight rings at the same time.
Your skin changes colour to match your surroundings (Stealth+).
Your rubbery body absorbs attacks. (AC +1, EV +1)
((You are camouflaged when in or above water. (Stealth+)))
You have tentacles for arms and can constrict up to eight enemies at once.


Message History

The orc zombie hits you but does no damage.
You hit the orc zombie.
The orc zombie is severely damaged.
You constrict the orc zombie. You hit the orc zombie.
You destroy the orc zombie!
You hit the hobgoblin zombie. You grab the hobgoblin zombie.
You squeeze the hobgoblin zombie.
You destroy the hobgoblin zombie!
You catch the helpless gnoll zombie completely off-guard!
You puncture the gnoll zombie! You grab the gnoll zombie.
You squeeze the gnoll zombie.
You destroy the gnoll zombie!
You hit the orc zombie. You grab the orc zombie.
The orc zombie is heavily damaged.
You constrict the orc zombie. You completely miss the orc zombie.
The orc zombie is severely damaged.
You constrict the orc zombie. The orc zombie hits you.
You hit the orc zombie but do no damage.
The orc zombie is almost destroyed.
You constrict the orc zombie.
You destroy the orc zombie!
You hit the kobold zombie. You grab the kobold zombie.
The kobold zombie is moderately damaged.
You constrict the kobold zombie. You hit the kobold zombie.
You squeeze the kobold zombie.
You destroy the kobold zombie! 2 mummies and a hobgoblin zombie come into view.
You hit the kobold zombie. You grab the kobold zombie.
You squeeze the kobold zombie.
You destroy the kobold zombie!
There is a gate leading back out of this place here.
There is a gate leading back out of this place here.
You hit the mummy but do no damage. Your grab misses the mummy.
You hit the mummy. You grab the mummy.
The mummy is lightly damaged.
You constrict the mummy. The mummy hits you!!
Ouch! That really hurt!
You die...

#....#
#....#
#....#
#....#
#....#
#....#
#....#
#M...#
#@∩∩.#
######


You could see a mummy.

Vanquished Creatures
  A gnoll zombie (Ossuary)
  A hobgoblin zombie (Ossuary)
  2 kobold zombies (Ossuary)
  2 orc zombies (Ossuary)
6 creatures vanquished.

Notes
Turn   | Place    | Note
-------+----------+-------------------------------------------
     0 | D:5      | RancidPinata the Octopode Delver began the quest for the
                  | Orb.
     0 | D:5      | Reached XP level 1. HP: 16/16 MP: 1/1
   120 | D:6      | Found Ihautzou's Book Boutique.
   152 | D:6      | Found a sand-covered staircase.
   157 | Ossuary  | Entered an ossuary
   280 | Ossuary  | Slain by a mummy

Illustrated notes

Levels and vault maps discovered:
D:5:      layout_rooms, nicolae_ru_sacrificial_ziggurat, gammafunk_ghost_smash,
          st_stairs_12
D:6:      layout_loops_corners, nicolae_vehumet_radiance, serial_shops,
          kennysheep_little_box, nicolae_ossuary_entry_false_entrances
Ossuary:  ossuary_tomb_3

Action                     || total
---------------------------++-------
  Melee: Short sword       ||    13
         Constrict         ||     7
         Tentacles         ||     4
    Use: Scroll            ||     1
   Stab: Distracted        ||     1
 Armour: Skin              ||     3
  Dodge: Dodged            ||     1
